 Dungeon Crawl Stone Soup version 0.21-a0-171-g0f4a3b6 (webtiles) character file.

119 Nvm9 the Covered (level 4, 0/52 HPs)
             Began as a Demonspawn Fighter on Aug 7, 2017.
             Was an Initiate of Qazlal.
             Killed by divine providence
             ... invoked by an orc priest
              (14 damage)
             ... on level 3 of the Dungeon.
             The game lasted 00:02:02 (1576 turns).

Nvm9 the Covered (Demonspawn Fighter)               Turns: 1576, Time: 00:02:03

Health: 0/52       AC: 22    Str: 17    XL:     4   Next: 73%
Magic:  4/4        EV:  2    Int: 11    God:    Qazlal [......]
Gold:   82         SH:  9    Dex: 18    Spells: 3/3 levels left

rFire    . . .     SeeInvis .   a - +0 war axe
rCold    . . .     Gourm    .   c - +0 shield
rNeg     + + +     Faith    .   (armour currently unavailable)
rPois    +         Spirit   .   (helmet currently unavailable)
rElec    .         Reflect  .   (cloak currently unavailable)
rCorr    .         Harm     .   (gloves currently unavailable)
MR       .....     NoTele   +   (boots currently unavailable)
Stlth    +++.......             (no amulet)
HPRegen  0.17/turn              m - +2 ring of intelligence
MPRegen  0.09/turn              (no ring)

@: agile, tree-form
A: rot immunity
a: Renounce Religion


You were on level 3 of the Dungeon.
You worshipped Qazlal.
Qazlal was noncommittal.
You were not hungry.
You were a tree.
You visited 1 branch of the dungeon, and saw 3 of its levels.

You collected 82 gold pieces.

Inventory:

Hand Weapons
 a - a +0 war axe (weapon)
Armour
 b - a +0 scale mail
 c - a +0 shield (worn)
 e - a +0 chain mail (melded)
 l - a +0 hat (melded)
Jewellery
 m - a +2 ring of intelligence (left branch)
Scrolls
 d - a scroll of immolation {unknown}
 h - a scroll of recharging {unknown}
 j - 2 scrolls of remove curse {unknown}
 k - a scroll of fear {unknown}
 n - a scroll of teleportation {unknown}
 q - a scroll of identify {unknown}
Comestibles
 f - 3 bread rations
 i - 4 meat rations
 p - 4 fruits


   Skills:
 + Level 3.5 Fighting
 + Level 2.4 Axes
 * Level 3.9 Armour
 + Level 3.1 Shields


You had 3 spell levels left.
You didn't know any spells.

Dungeon Overview and Level Annotations

Branches:
Dungeon (3/15)

Altars:
Qazlal


Innate Abilities, Weirdness & Mutations

((You have sharp toenails.))
You are immune to rotting.


Message History

The orc is severely wounded.
You block the orc's attack. The orc hits you but does no damage.
The orc priest looks satisfied for a moment.
It was a potion of lignification.
You turn into a tree.
Your +0 hat melds into your body.
Your +0 chain mail melds into your body.
Your roots penetrate the ground.
The orc hits you but does no damage.
You hit the orc.
You kill the orc!
Qazlal accepts your kill.
You barely miss the orc priest.
The orc priest hits you but does no damage.
Your shield prevents you from hitting the orc priest.
You block the orc priest's attack.
The orc priest hits you but does no damage.
You hit the orc priest.
The orc priest is moderately wounded.
The orc priest calls down the wrath of Beogh upon you.
Beogh smites you!
You die...

#+# #.# #.#
#.#########.##
#..oo♣...#...##
#.######......#
#.#...##### .###
#.#†#.......
#....##.#...######
#.......##
####.##.#
#.######.# .#
#........##.#


You could see 2 orc priests.

Vanquished Creatures
  A bullfrog (D:3)
  3 worms (D:2)
  4 dart slugs
  An orc (D:3)
  2 ball pythons
  3 giant cockroaches (D:1)
  6 hobgoblins
  7 kobolds
  A quokka (D:2)
  5 bats
  2 frilled lizards (D:1)
  2 goblins (D:1)
  5 rats
42 creatures vanquished.

Notes
Turn   | Place    | Note
-------+----------+-------------------------------------------
     0 | D:1      | Nvm9 the Demonspawn Fighter began the quest for the Orb.
     0 | D:1      | Reached XP level 1. HP: 18/18 MP: 1/1
    95 | D:1      | Gained mutation: You are immune to rotting. [demonic ancestry]
    95 | D:1      | Reached XP level 2. HP: 23/24 MP: 2/2
   715 | D:2      | Reached XP level 3. HP: 26/29 MP: 3/3
  1077 | D:3      | Noticed a bullfrog
  1077 | D:3      | Found a stormy altar of Qazlal.
  1097 | D:3      | Killed a bullfrog
  1097 | D:3      | Gained mutation: You have sharp toenails. [demonic ancestry]
  1097 | D:3      | Reached XP level 4. HP: 4/35 MP: 4/4
  1528 | D:3      | Became a worshipper of Qazlal Stormbringer
  1576 | D:3      | Killed from afar by an orc priest

Vault maps used:
D:1:      onia_arrival_mini_spirals
D:3:      grunt_qazlal_clouds, uniq_jessica, uniq_sigmund

Skill      XL: |  1  2  3 |
---------------+----------+-----
Armour         | 3 |  3.9
Axes           | 2 |  2.4
Shields        | 3 |  3.1
Fighting       | |  3.5

Action                   |  1- 3 |  4- 6 || total
-------------------------+-------+-------++-------
Melee: War axe           |   114 |    15 ||   129
       Kick              |       |     2 ||     2
  Use: Potion            |     1 |     2 ||     3
  Eat: Chunk             |       |     2 ||     2
Armor: Chain mail        |    67 |    14 ||    81
       Scale mail        |     1 |       ||     1
       Skin              |       |     3 ||     3
Dodge: Dodged            |    16 |     3 ||    19
Block: Shield            |    62 |     8 ||    70
